 Dungeon Crawl Stone Soup version 0.28-a0-1395-g4f6bc678fa (webtiles) character file.

Game seed: 18178796995498017701

78 rocketpapaya the Stinger (level 4, 30/30 HPs)
             Began as a Demonspawn Venom Mage on Jan 5, 2022.
             Was a Follower of Dithmenos.
             Quit the game on level 3 of the Dungeon.
             The game lasted 00:04:43 (2418 turns).

rocketpapaya the Stinger (Demonspawn Venom Mage)    Turns: 2418, Time: 00:04:43

Health: 30/30      AC:  2    Str:  8    XL:     4   Next: 15%
Magic:  7/7        EV: 12    Int: 19    God:    Dithmenos [*.....]
Gold:   28         SH:  0    Dex: 13    Spells: 4/7 levels left

rFire   . . .      SeeInvis .   c - +1 flail (protect)
rCold   . . .      Faith    .   (no shield)
rNeg    . . .      Spirit   .   a - +0 robe
rPois   .          Reflect  .   (no helmet)
rElec   .          Harm     .   (no cloak)
rCorr   .          Rampage  .   (no gloves)
Will    .....                   (no boots)
Stlth   ++........              (no amulet)
HPRegen 0.10/turn               (no ring)
MPRegen 0.10/turn               (no ring)

@: wreathed by umbra
A: claws 1
a: Renounce Religion


You were on level 3 of the Dungeon.
You worshipped Dithmenos.
Dithmenos was aware of your devotion.
You visited 1 branch of the dungeon, and saw 3 of its levels.

You collected 28 gold pieces.

Inventory:

Hand Weapons
 c - a +1 flail of protection (weapon)
Armour
 a - a +0 robe (worn)
Scrolls
 b - a scroll of brand weapon {unknown}
 d - a scroll of immolation {unknown}
 f - 2 scrolls of teleportation {unknown}
 h - a scroll of holy word {unknown}
 i - a scroll of enchant armour {unknown}
 j - a scroll of torment {unknown}
 k - a scroll of identify {unknown}
Potions
 e - a potion of heal wounds {unknown}
 g - a potion of mutation {unknown}


   Skills:
 - Level 1.7 Dodging
 - Level 1.7 Stealth
 - Level 2.0 Spellcasting
 - Level 0.8 Transmutations
 + Level 5.0 Poison Magic


You had 4 spell levels left.
You knew the following spells:

 Your Spells              Type           Power      Damage    Failure   Level
a - Sting                 Tmut/Pois      52%        1d5       4%          1
b - Poisonous Vapours     Pois/Air       22%        N/A       9%          2

Your spell library contained the following spells:

 Spells                   Type           Power      Damage    Failure   Level
 Olgreb's Toxic Radiance  Pois           21%        N/A       21%         4
 Mephitic Cloud           Conj/Pois/Air  8%         N/A       26%         3


Dungeon Overview and Level Annotations

Branches:
Dungeon (3/15)

Altars:
Dithmenos


Innate Abilities, Weirdness & Mutations

You have sharp fingernails.


Message History

Found a fuming white potion and a scroll labelled IKKILODAUGU.
Found an escape hatch in the floor.
Found a stone staircase leading down.
There is a stone staircase leading up here.
A kobold is nearby!
Found a club.
The kobold throws a stone.
The stone closely misses you.
The kobold throws a stone.
The stone misses you.
The kobold throws a stone.
The stone closely misses you.
You closely miss the kobold.
The kobold hits you with a +0 short sword.
You closely miss the kobold. The kobold barely misses you.
You barely miss the kobold. The kobold misses you.
The kobold barely misses you.
You hit the kobold but do no damage.
Your weapon exudes an aura of protection.
The kobold misses you.
You closely miss the kobold. The kobold barely misses you.
The kobold misses you.
You closely miss the kobold.
The kobold hits you with a +0 short sword.
You barely miss the kobold.
The kobold hits you with a +0 short sword.
You barely miss the kobold. The kobold closely misses you.
The kobold barely misses you.
You miss the kobold.
The kobold hits you with a +0 short sword.
You barely miss the kobold.
The kobold hits you with a +0 short sword.
The kobold misses you.
You hit the kobold but do no damage.
Your weapon exudes an aura of protection.
The kobold hits you but does no damage.
You miss the kobold. The kobold misses you.
You sock the kobold!
You kill the kobold!
Dithmenos accepts your kill.
HP restored.
Things that are here:
a +0 short sword; 4 stones
k - a scroll labelled IKKILODAUGU Are you sure you want to abandon this character and quit the game? (Confirm with "yes".)

#>.....#.# ##
#........#..#
#.....<.....#
##......###!##
..........#.###
##....#.......#.#
###>............
#.##)#.#..)#. #.
#.#@##### #.
..#.# #....#
######


There were no monsters in sight!

Vanquished Creatures
  Natasha (D:2)
  2 worms (D:2)
  3 dart slugs (D:2)
  6 bats
  An endoplasm (D:2)
  4 giant cockroaches (D:1)
  9 goblins
  A hobgoblin (D:1)
  3 quokkas
  5 kobolds
  4 rats
39 creatures vanquished.

Vanquished Creatures (others)
  5 plants
5 creatures vanquished.

Grand Total: 44 creatures vanquished

Notes
Turn   | Place    | Note
-------+----------+-------------------------------------------
     0 | D:1      | rocketpapaya the Demonspawn Venom Mage began the quest for
                  | the Orb.
     0 | D:1      | Reached XP level 1. HP: 13/13 MP: 3/3
   238 | D:1      | Gained mutation: You have sharp fingernails. [demonic
                  | ancestry]
   238 | D:1      | Reached XP level 2. HP: 6/19 MP: 0/5
   809 | D:1      | Reached skill level 4 in Poison Magic
  1162 | D:1      | Learned a level 2 spell: Poisonous Vapours
  1203 | D:2      | Reached XP level 3. HP: 12/24 MP: 2/6
  1520 | D:2      | Found a faded altar of an unknown god.
  1533 | D:2      | Prayed at the altar of an unknown god.
  1533 | D:2      | Became a worshipper of Dithmenos the Shadowed
  1533 | D:2      | Reached * piety under Dithmenos
  2022 | D:2      | Noticed Natasha
  2033 | D:2      | Killed Natasha
  2034 | D:2      | Reached skill level 5 in Poison Magic
  2034 | D:2      | Reached XP level 4. HP: 22/30 MP: 0/7
  2418 | D:3      | Quit the game

Illustrated notes

Levels and vault maps discovered:
D:1:      mainiacjoe_arrival_reflecting_pool, layout_rooms,
          minmay_misc_feat_roman, serial_bayou_ford_a
D:2:      wad_lake_hut, layout_rooms, shapermc_ecumenical_altar_mp_ritualfount,
          uniq_natasha
D:3:      layout_basic, kennysheep_orc_chapel, uniq_ijyb

Skill      XL: |  1  2  3 |
---------------+----------+-----
Poison Magic   | 4 5 |  5.0
Dodging        | |  1.7
Stealth        | |  1.7
Spellcasting   | |  2.0
Transmutations | |  0.8

Action                   |  1- 3 |  4- 6 || total
-------------------------+-------+-------++-------
Melee: Flail             |    78 |    14 ||    92
 Cast: Sting             |    39 |       ||    39
 Stab: Sleeping          |     3 |       ||     3
Armor: Robe              |    34 |     1 ||    35
Dodge: Dodged            |    74 |    13 ||    87

Table legend: (Time is in decaauts)
 A = Elapsed time spent in this place.
 B = Non-inter-level travel time spent in this place.
 C = Inter-level travel time spent in this place.
 D = Time resting spent in this place.
 E = Time spent auto-exploring this place.
 F = Levels seen in this place.
 G = Mean time per level.
                   A        B        C        D        E       F      G
               +--------+--------+--------+--------+--------+-----+--------+
         Total |   2509 |   2446 |     63 |    401 |   1680 |   3 |  836.3 |
       Dungeon |   2509 |   2446 |     63 |    401 |   1680 |   3 |  836.3 |
               +--------+--------+--------+--------+--------+-----+--------+

Top non-repeatable levels by time:
     D:1: 1198 daAuts
     D:2: 1167 daAuts
     D:3: 143 daAuts
